AoeStats
← | ArCas | Toruk Makto

Arena

504878977Analyzed
4v4 RM · 26d ago on Sep 6, 2026· 17m 31s· 8 players
Game mode
Random Map
Map size
Large (8 player)
Population
200
Speed
Normal
Resources
Standard
Victory
Conquest
Starting age
Dark Age
Ending age
Imperial Age
RankedLock teamsTeams togetherTeam positionsShared explorationLock speedFull tech treeHidden civsTurbo modeCheats
Victory
Defeat
🇵🇪 Cumans · Peru
1459
+12
🇦🇷 Khitans · Argentina
1439
+12
🇦🇷 Cumans · Argentina
1388
+15
🇦🇷 Ethiopians · Argentina
1188
+23
🇩🇴 Bengalis · Dominican Republic
1440
-19
🇺🇸 Mongols · United States
1365
-16
🇦🇷 Malay · Argentina
1339
-15
1272
-12
| ArCas | Toruk Makto
6:41 Loom
9:52 Feudal Age
11:09 Man-at-Arms
xLucky900
9:17 Feudal Age
14:16 Castle Age
12:39 Double-Bit Axe
13:10 Horse Collar
13:28 Stone Mining
13:34 Horse Collar
Malcolm Little
7:57 Loom
10:34 Feudal Age
14:24 Castle Age
[zWq]Ferdinand Von Lindemann
10:54 Feudal Age
15:33 Castle Age
14:03 Double-Bit Axe
14:34 Horse Collar
16:41 Gold Mining
AssassingBlue
8:20 Loom
10:41 Feudal Age
14:35 Castle Age
12:52 Double-Bit Axe
14:54 Gold Mining
15:22 Domestication
15:34 Fletching
15:54 Forging
TVHG.IL Capitano
6:14 Loom
9:25 Feudal Age
14:00 Double-Bit Axe
14:53 Fletching
TVHG.Ruleman | EX REY
9:39 Feudal Age
10:18 Double-Bit Axe
TVHG.Phraymus
9:55 Feudal Age
8:48 Loom
10:40 Double-Bit Axe
12:38 Fletching
Connection lost

Rejoining the realm…

Still unreachable

The connection could not be restored.

Session expired

The server has moved on; the page needs a fresh start.